APL (24 & UNDER)
STATE COLLEGE SPIKES @ MONTGOMERY GREY SOX
09/29/2026
 
TOP OF THE 1ST
State College Spikes batting - Pitching for Montgomery Grey Sox : LHP Orlando Costa
Pitching: LHP Orlando Costa
Batting: RHB Nick Mackin 0-0: Ball
1-0: Ball
2-0: Called Strike
2-1: Ball
3-1: Base on Balls
Batting: RHB Alonzo Herrera 0-0: Called Strike
0-1: Ball
1-1: Ball
Nick Mackin is caught stealing 2nd base
2-1: Foul Ball, location: 2F
2-2: Ball
3-2: Strikes out swinging
Batting: RHB Mike Ingram 0-0: Ball
1-0: Swinging Strike
1-1: Called Strike
1-2: Strikes out swinging, 2-3 out at first.
Top of the 1st over - 0 run(s), 0 hit(s), 0 error(s), 0 left on base; State College 0 - Montgomery 0
BOTTOM OF THE 1ST
Montgomery Grey Sox batting - Pitching for State College Spikes : RHP Francisco Álvarez
Pitching: RHP Francisco Álvarez
Batting: RHB José Montoya 0-0: Ball
1-0: Called Strike
1-1: Foul Ball, location: 2F
1-2: Foul Ball, location: 2F
1-2: Foul Ball, location: 2F
1-2: Ball
2-2: Foul Ball, location: 2F
2-2: Ball
3-2: Strikes out swinging
Batting: RHB Dean Bailey 0-0: Called Strike
0-1: Swinging Strike
0-2: Ball
1-2: Strikes out swinging
Batting: LHB Al Gaines 0-0: Ball
1-0: Ball
2-0: Ball
3-0: Called Strike
3-1: Called Strike
3-2: Foul Ball, location: 2F
3-2: Ground out 4-3 (Groundball, 4)
Bottom of the 1st over - 0 run(s), 0 hit(s), 0 error(s), 0 left on base; State College 0 - Montgomery 0
TOP OF THE 2ND
State College Spikes batting - Pitching for Montgomery Grey Sox : LHP Orlando Costa
Batting: SHB Clint Woods 0-0: Ball
1-0: Ball
2-0: Called Strike
2-1: Foul Ball, location: 2F
2-2: Ball
3-2: Foul Ball, location: 2F
3-2: SOLO HOME RUN (Flyball, 7D), Distance : 393 ft
Batting: RHB Eric Knight 0-0: Ground out 4-3 (Groundball, 4M)
Batting: LHB Rod Blevins 0-0: Ball
1-0: Ball
2-0: Ball
3-0: Called Strike
3-1: Base on Balls
Batting: RHB Javier Peña 0-0: Ball
1-0: Ball
2-0: Fly out, F8 (Flyball, 8LS)
Batting: SHB Thomas Simmons 0-0: Ball
1-0: Foul Ball, location: 2F
1-1: Ball
2-1: Foul Ball, location: 2F
2-2: Ball
3-2: Strikes out swinging
Top of the 2nd over - 1 run(s), 1 hit(s), 0 error(s), 1 left on base; State College 1 - Montgomery 0
BOTTOM OF THE 2ND
Montgomery Grey Sox batting - Pitching for State College Spikes : RHP Francisco Álvarez
Batting: SHB Marvin López 0-0: Ball
1-0: Called Strike
1-1: Foul Ball, location: 2F
1-2: Foul Ball, location: 2F
1-2: Ball
2-2: SINGLE (Line Drive, 34)
Batting: RHB José Carlos Caraballo 0-0: Ball
1-0: Ball
2-0: Ball
3-0: Swinging Strike
3-1: Fly out, F9 (Line Drive, 9M)
Batting: LHB Bob Jones 0-0: Called Strike
0-1: Swinging Strike
0-2: Foul Ball, location: 2F
0-2: Ball
1-2: Fly out, F8 (Flyball, 8LXD)
Batting: RHB Bryant von Bohlen 0-0: Fielders Choice at 2nd, U6 (Groundball, 6M)
Bottom of the 2nd over - 0 run(s), 1 hit(s), 0 error(s), 1 left on base; State College 1 - Montgomery 0
TOP OF THE 3RD
State College Spikes batting - Pitching for Montgomery Grey Sox : LHP Orlando Costa
Batting: RHB Joaquín Vásquez 0-0: Ball
1-0: Fly out, F7 (Flyball, 78M)
Batting: RHB Nick Mackin 0-0: Ball
1-0: Foul Ball, location: 2F
1-1: Ball
2-1: Fly out, F9 (Flyball, 9LSF)
Batting: RHB Alonzo Herrera 0-0: Ball
1-0: Ground out 6-3 (Groundball, 6)
Top of the 3rd over - 0 run(s), 0 hit(s), 0 error(s), 0 left on base; State College 1 - Montgomery 0
BOTTOM OF THE 3RD
Montgomery Grey Sox batting - Pitching for State College Spikes : RHP Francisco Álvarez
Batting: SHB Hoyt Norris 0-0: Called Strike
0-1: Called Strike
0-2: Fly out, F8 (Flyball, 8LM)
Batting: RHB Félix Cruz 0-0: Ground out 5-3 (Groundball, 5)
Batting: RHB José Montoya 0-0: Called Strike
0-1: Ground out 5-3 (Groundball, 56S)
Bottom of the 3rd over - 0 run(s), 0 hit(s), 0 error(s), 0 left on base; State College 1 - Montgomery 0
TOP OF THE 4TH
State College Spikes batting - Pitching for Montgomery Grey Sox : LHP Orlando Costa
Batting: RHB Mike Ingram 0-0: Foul Ball, location: 2F
0-1: Ball
1-1: Ball
2-1: Swinging Strike
2-2: Fly out, F8 (Flyball, 8LM)
Batting: SHB Clint Woods 0-0: Ball
1-0: Ball
2-0: Called Strike
2-1: Ball
3-1: Base on Balls
Batting: RHB Eric Knight 0-0: Ball
1-0: Ball
2-0: Foul Ball, location: 2F
2-1: Foul Ball, location: 2F
2-2: Ball
3-2: Strikes out looking
Batting: LHB Rod Blevins 0-0: Foul Ball, location: 2F
0-1: Foul Ball, location: 2F
0-2: Strikes out swinging
Top of the 4th over - 0 run(s), 0 hit(s), 0 error(s), 1 left on base; State College 1 - Montgomery 0
BOTTOM OF THE 4TH
Montgomery Grey Sox batting - Pitching for State College Spikes : RHP Francisco Álvarez
Batting: RHB Dean Bailey 0-0: Fly out, F7 (Flyball, 78M)
Batting: LHB Al Gaines 0-0: Swinging Strike
0-1: Called Strike
0-2: Strikes out looking
Batting: SHB Marvin López 0-0: Swinging Strike
0-1: Foul Ball, location: 2F
0-2: Foul Ball, location: 2F
0-2: Ground out 4-3 (Groundball, 4)
Bottom of the 4th over - 0 run(s), 0 hit(s), 0 error(s), 0 left on base; State College 1 - Montgomery 0
TOP OF THE 5TH
State College Spikes batting - Pitching for Montgomery Grey Sox : LHP Orlando Costa
Batting: RHB Javier Peña 0-0: Foul Ball, location: 2F
0-1: Ball
1-1: Ball
2-1: Foul Ball, location: 2F
2-2: Strikes out swinging
Batting: SHB Thomas Simmons 0-0: Called Strike
0-1: Ball
1-1: Foul Ball, location: 2F
1-2: Foul Ball, location: 2F
1-2: Ball
2-2: Foul Ball, location: 2F
2-2: Strikes out looking
Batting: RHB Joaquín Vásquez 0-0: Ball
1-0: SINGLE (Line Drive, 6M)
Batting: RHB Nick Mackin 0-0: Called Strike
0-1: Foul Ball, location: 2F
0-2: Foul Ball, location: 2F
0-2: Ball
1-2: Foul Ball, location: 2F
1-2: Strikes out swinging
Top of the 5th over - 0 run(s), 1 hit(s), 0 error(s), 1 left on base; State College 1 - Montgomery 0
BOTTOM OF THE 5TH
Montgomery Grey Sox batting - Pitching for State College Spikes : RHP Francisco Álvarez
Batting: RHB José Carlos Caraballo 0-0: Called Strike
0-1: Foul Ball, location: 2F
0-2: Ground out 6-3 (Groundball, 6)
Batting: LHB Bob Jones 0-0: Ball
1-0: Called Strike
1-1: Ball
2-1: Called Strike
2-2: Ball
3-2: Foul Ball, location: 2F
3-2: Base on Balls
Batting: RHB Bryant von Bohlen 0-0: Ball
1-0: Ball
2-0: SINGLE (Line Drive, 34)
Bob Jones to second
Batting: SHB Hoyt Norris 0-0: Ball
1-0: Ball
2-0: Foul Ball, location: 2F
2-1: Called Strike
2-2: DOUBLE (Flyball, 7M)
Bob Jones scores
Bryant von Bohlen to third
Runner from 3rd tries for Home, SAFE, throw made home
Batting: RHB Félix Cruz 0-0: Called Strike
0-1: Swinging Strike
0-2: Ball
1-2: Strikes out swinging
Batting: RHB José Montoya 0-0: Ball
1-0: Ball
2-0: Called Strike
2-1: SINGLE (Groundball, 56)
Hoyt Norris to third
Runner from 3rd tries for Home, SAFE, no throw or cutoff
Batting: RHB Dean Bailey 0-0: SINGLE (Groundball, 5D)
José Montoya to second
Runner from 2nd tries for 3rd, SAFE, no throw or cutoff
Pinch Runner at 3rd António Nevárez:
Batting: LHB Al Gaines 0-0: Called Strike
0-1: Ball
1-1: Ball
2-1: Ball
3-1: Called Strike
3-2: Base on Balls
Dean Bailey to second
Batting: SHB Marvin López 0-0: Fly out, F7 (Flyball, 7D)
Bottom of the 5th over - 3 run(s), 4 hit(s), 0 error(s), 3 left on base; State College 1 - Montgomery 3
TOP OF THE 6TH
State College Spikes batting - Pitching for Montgomery Grey Sox : LHP Orlando Costa
Now at 2B: António Nevárez
Batting: RHB Alonzo Herrera 0-0: Called Strike
0-1: Called Strike
0-2: Ball
1-2: Ball
2-2: Foul Ball, location: 2F
2-2: Strikes out swinging
Pitching: RHP Matt Kinnieson
Batting: RHB Mike Ingram 0-0: Ball
1-0: Ball
2-0: Called Strike
2-1: Called Strike
2-2: Ball
3-2: Base on Balls
Batting: SHB Clint Woods 0-0: Ball
1-0: Ball
2-0: Grounds into double play, 1-4-3 (Groundball, 13)
Top of the 6th over - 0 run(s), 0 hit(s), 0 error(s), 0 left on base; State College 1 - Montgomery 3
BOTTOM OF THE 6TH
Montgomery Grey Sox batting - Pitching for State College Spikes : RHP Francisco Álvarez
Pitching: RHP Tomás Hurtado
Batting: RHB José Carlos Caraballo 0-0: Ball
1-0: Ball
2-0: Called Strike
2-1: DOUBLE (Line Drive, 9LM)
Batting: LHB Bob Jones 0-0: Called Strike
0-1: Called Strike
0-2: Foul Ball, location: 2F
0-2: Ball
1-2: Ball
2-2: Foul Ball, location: 2F
2-2: Foul Ball, location: 2F
2-2: Foul Ball, location: 2F
2-2: Fly out, F8 (Flyball, 8LM)
Runner from 2nd tags up, SAFE at 3rd with throw
Batting: RHB Bryant von Bohlen 0-0: Intentional Walk
Batting: SHB Hoyt Norris 0-0: Ground out 3-1 (Groundball, 34)
José Carlos Caraballo scores
Bryant von Bohlen to second
Batting: RHB Félix Cruz 0-0: Ball
1-0: Ball
2-0: Foul Ball, location: 2F
2-1: Foul Ball, location: 2F
2-2: Ground out 5-3 (Groundball, 5L)
Bottom of the 6th over - 1 run(s), 1 hit(s), 0 error(s), 1 left on base; State College 1 - Montgomery 4
TOP OF THE 7TH
State College Spikes batting - Pitching for Montgomery Grey Sox : RHP Matt Kinnieson
Batting: RHB Eric Knight 0-0: Called Strike
0-1: Ball
1-1: Ball
2-1: Called Strike
2-2: Ball
3-2: Strikes out looking
Batting: LHB Rod Blevins 0-0: Ball
1-0: Foul Ball, location: 2F
1-1: Foul Ball, location: 2F
1-2: Foul Ball, location: 2F
1-2: Strikes out swinging
Batting: RHB Javier Peña 0-0: Ball
1-0: Called Strike
1-1: Foul Ball, location: 2F
1-2: Ground out 5-3 (Groundball, 5)
Top of the 7th over - 0 run(s), 0 hit(s), 0 error(s), 0 left on base; State College 1 - Montgomery 4
BOTTOM OF THE 7TH
Montgomery Grey Sox batting - Pitching for State College Spikes : RHP Tomás Hurtado
Batting: RHB António Nevárez 0-0: Ball
1-0: Swinging Strike
1-1: SINGLE (Flyball, 78S)
Batting: RHB Dean Bailey Pickoff Throw to First - Out!
0-0: Ground out 6-3 (Groundball, 6)
Batting: LHB Al Gaines 0-0: Called Strike
0-1: Foul Ball, location: 2F
0-2: Ball
1-2: Ground out U3 (Groundball, 3S)
Bottom of the 7th over - 0 run(s), 1 hit(s), 0 error(s), 0 left on base; State College 1 - Montgomery 4
TOP OF THE 8TH
State College Spikes batting - Pitching for Montgomery Grey Sox : RHP Matt Kinnieson
Now in RF: Joe Pierce
Batting: SHB Thomas Simmons 0-0: Called Strike
0-1: Ball
1-1: Ball
2-1: Ball
3-1: Base on Balls
Batting: RHB Joaquín Vásquez 0-0: Ball
1-0: Ball
2-0: Called Strike
2-1: Called Strike
2-2: Foul Ball, location: 2F
2-2: Ball
3-2: Foul Ball, location: 2F
3-2: Grounds into double play, 4-6-3 (Groundball, 4)
Batting: RHB Nick Mackin 0-0: Ball
1-0: Called Strike
1-1: Called Strike
1-2: Foul Ball, location: 2F
1-2: Ground out 5-3 (Groundball, 5S)
Top of the 8th over - 0 run(s), 0 hit(s), 0 error(s), 0 left on base; State College 1 - Montgomery 4
BOTTOM OF THE 8TH
Montgomery Grey Sox batting - Pitching for State College Spikes : RHP Tomás Hurtado
Pitching: RHP Chris Mitchell
Batting: SHB Marvin López 0-0: Ball
1-0: Ball
2-0: Ball
3-0: Base on Balls
Batting: RHB José Carlos Caraballo 0-0: Ball
1-0: Foul Ball, location: 2F
1-1: Ball
2-1: Called Strike
2-2: Strikes out swinging
Batting: LHB Bob Jones 0-0: Foul Ball, location: 2F
0-1: Ball
1-1: Foul Ball, location: 2F
1-2: Strikes out swinging
Batting: RHB Bryant von Bohlen 0-0: Called Strike
0-1: Fly out, F2 (Popup, 2RF)
Bottom of the 8th over - 0 run(s), 0 hit(s), 0 error(s), 1 left on base; State College 1 - Montgomery 4
TOP OF THE 9TH
State College Spikes batting - Pitching for Montgomery Grey Sox : RHP Matt Kinnieson
Pitching: RHP Calvin Snyder
Batting: RHB Alonzo Herrera 0-0: Ball
1-0: Swinging Strike
1-1: Ball
2-1: Ball
3-1: Ground out 5-3 (Groundball, 56)
Batting: RHB Mike Ingram 0-0: Ball
1-0: Ball
2-0: Foul Ball, location: 2F
2-1: Called Strike
2-2: Ball
3-2: Ground out 6-3 (Groundball, 6)
Batting: SHB Clint Woods 0-0: Foul Ball, location: 2F
0-1: Foul Ball, location: 2F
0-2: Ball
1-2: Strikes out swinging
Top of the 9th over - 0 run(s), 0 hit(s), 0 error(s), 0 left on base; State College 1 - Montgomery 4
Monday, December 5th, 2016 - OOTP Baseball 17.12 Build 75